 Dungeon Crawl Stone Soup version 0.30-a0-341-g682706514a (webtiles) character file.

Game seed: 14481211925673223246

263 Pooter the Charlatan (level 6, -2/39 (44) HPs)
             Began as a Gnoll Wanderer on Nov 2, 2022.
             Was an Initiate of Vehumet.
             Slain by a necrophage (6 damage)
             ... on level 4 of the Dungeon.
             The game lasted 00:30:21 (3785 turns).

Pooter the Charlatan (Gnoll Wanderer)               Turns: 3785, Time: 00:30:22

HP:   -2/39 (44)    AC:  3    Str:  8    XL:     6   Next: 19%
MP:   14/14         EV: 12    Int: 16    God:    Vehumet [......]
Gold: 100           SH:  0    Dex: 12    Spells: 4/15 levels left

rFire   . . .      SeeInvis .    a - +0 war axe
rCold   + . .      Faith    .    (no shield)
rNeg    . . .      Spirit   .    c - +0 robe
rPois   .          Reflect  .    (no helmet)
rElec   .          Harm     .    (no cloak)
rCorr   .          Rampage  .    i - +0 pair of gloves
Will    .....                    (no boots)
Stlth   ++........               (no amulet)
HPRegen 0.26/turn                o - ring of flight
MPRegen 0.14/turn                I - ring of protection from cold

@: flying, heavily drained
A: fangs 1, strong nose, distributed training
a: Renounce Religion


You were on level 4 of the Dungeon.
You worshipped Vehumet.
Vehumet was noncommittal.
You visited 1 branch of the dungeon, and saw 4 of its levels.

You collected 100 gold pieces.

Inventory:

Hand Weapons
 a - a +0 war axe (weapon)
   (You found it on level 2 of the Dungeon)
 b - a +0 sling
   (You found it on level 4 of the Dungeon)
 e - a +0 dagger
Missiles
 f - 3 curare-tipped darts (quivered)
 n - 2 javelins
 Q - 37 stones
Armour
 c - a +0 robe (worn)
 i - a +0 pair of gloves (worn)
   (You found it on level 4 of the Dungeon)
Jewellery
 o - a ring of flight (left hand)
   (You found it on level 2 of the Dungeon)
 I - a ring of protection from cold (right hand)
   (You found it on level 4 of the Dungeon)
Wands
 D - a wand of digging (6)
   (You took it off Ijyb on level 3 of the Dungeon)
Scrolls
 l - a scroll of torment {!r}
 p - 2 scrolls of fear
 q - a scroll of fog {unknown}
 r - a scroll of poison {unknown}
 t - 3 scrolls of teleportation {@r4}
Potions
 g - a potion of curing {@q1}
 h - 3 potions of heal wounds {@q2}
 j - a potion of brilliance
 k - a potion of mutation {!q}
 m - a potion of haste {@q3}
Miscellaneous
 d - a piece from Xom's chessboard (15/15)


   Skills:
 + Level 1.9 Fighting
 + Level 1.9 Short Blades
 + Level 1.9 Long Blades
 + Level 1.9 Axes
 + Level 1.9 Maces & Flails
 + Level 1.9 Polearms
 + Level 1.9 Staves
 + Level 1.9 Ranged Weapons
 + Level 3.2 Throwing
 + Level 1.9 Armour
 + Level 1.9 Dodging
 + Level 1.9 Stealth
 + Level 1.9 Shields
 + Level 1.9 Unarmed Combat
 + Level 5.3 Spellcasting
 + Level 1.5 Conjurations
 + Level 1.5 Hexes
 + Level 1.5 Summonings
 + Level 1.5 Necromancy
 + Level 1.5 Translocations
 + Level 1.5 Transmutations
 + Level 2.6 Fire Magic
 + Level 1.5 Ice Magic
 + Level 1.5 Air Magic
 + Level 4.1 Earth Magic
 + Level 1.5 Poison Magic
 + Level 3.3 Invocations
 + Level 6.8 Evocations


You had 4 spell levels left.
You knew the following spells:

 Your Spells              Type           Power      Damage    Failure   Level
a - Sandblast             Erth           34%        2d9       2%          1
b - Foxfire               Conj/Fire      40%        2x1d6     6%          1
c - Passwall              Tmut/Erth      10%        N/A       7%          2
d - Searing Ray           Conj           18%        2d5       12%         2
e - Ignite Poison         Fire/Tmut/Pois 10%        N/A       21%         3
f - Poisonous Vapours     Pois/Air       18%        N/A       12%         2

Your spell library contained the following spells:

 Spells                   Type           Power      Damage    Failure   Level
 Magic Dart               Conj           36%        1d4       8%          1
 Sting                    Tmut/Pois      36%        1d4       8%          1
 Cigotuvi's Dreadful Rot  Necr/Pois/Air  18%        N/A       12%         2
 Animate Armour           Summ/Erth      26%        N/A       43%         4
 Dispel Undead            Necr           9%         3d8       61%         4
 Fulminant Prism          Conj/Hex       4%         3d5       61%         4
 Olgreb's Toxic Radiance  Pois           9%         N/A       61%         4
 Death Channel            Necr           4%         N/A       100%        6


Dungeon Overview and Level Annotations

Branches:
Dungeon (4/15)
 Temple: D:4-7

Altars:
Fedhas
Ru
Vehumet


Innate Abilities, Weirdness & Mutations

You have very sharp teeth.
Your uncanny sense of smell can sniff out nearby items.
Your experience applies equally to all skills.


Message History

Aim: a necrophage (wandering, hasn't noticed you, 57% to hit)
You throw a javelin.
The javelin pierces through the necrophage!
Throw: 3 javelins
Aim: a necrophage (moderately damaged, 57% to hit)
You throw a javelin.
The javelin pierces through the necrophage.
Found a dagger.
You miscast Foxfire.
You are very lightly contaminated with residual magic.
Nothing appears to happen.
You conjure some foxfire!
The necrophage hits you.
The foxfire hits the necrophage but does no damage. x2
The necrophage hits you but does no damage.
You barely miss the necrophage. The necrophage hits you.
You barely miss the necrophage. The necrophage hits you!
The necrophage hits you.
You barely miss the necrophage. The necrophage hits you.
* * * LOW HITPOINT WARNING * * *
Your magical contamination has completely faded away.
You closely miss the necrophage. The necrophage hits you.
* * * LOW HITPOINT WARNING * * *
The necrophage hits you.
* * * LOW HITPOINT WARNING * * *
You feel drained.
You closely miss the necrophage. Your bite misses the necrophage.
The necrophage hits you.
* * * LOW HITPOINT WARNING * * *
You feel drained.
You hit the necrophage.
The necrophage hits you but does no damage.
The necrophage hits you.
* * * LOW HITPOINT WARNING * * *
You feel drained.
* * * LOW HITPOINT WARNING * * *
You slash the necrophage! The necrophage misses you.
Unknown command.
You closely miss the necrophage. The necrophage hits you!
* * * LOW HITPOINT WARNING * * *
You feel drained.
* * * LOW HITPOINT WARNING * * *
You closely miss the necrophage. The necrophage completely misses you.
The necrophage hits you.
* * * LOW HITPOINT WARNING * * *
You feel drained.
You closely miss the necrophage. The necrophage misses you.
You hit the necrophage.
You bite the necrophage, but do no damage.
The necrophage misses you. The necrophage hits you.
You die...

..# ##........##.##
.....###..#.....###.##
.......^.......### #.##
..##......###...###..#
#.##......# ##........
##.#.......# ##...#..#
)...#.##### #......#
#(.##...# ####.#..#.#
#...n@######....#.....
......#.........###....#
..##. #.###........###.#
# #...#.######.###.#
.####...######..####
...............#..#
#.#####........##.##
#.#####......>.##..##
#....................


You could see a necrophage.

Vanquished Creatures
  A hound (D:4)
  An iguana (D:4)
  Ijyb (D:3)
  A statue (D:4)
  6 adders
  3 worms
  3 dart slugs
  5 orcs
  9 ball pythons
  9 endoplasms
  2 giant cockroaches
  7 goblins
  11 hobgoblins
  6 jackals
  3 quokkas
  3 bats
  3 frilled lizards (D:1)
  4 kobolds
  8 rats
86 creatures vanquished.

Vanquished Creatures (others)
  64 foxfires
64 creatures vanquished.

Grand Total: 150 creatures vanquished

Notes
Turn   | Place    | Note
-------+----------+-------------------------------------------
     0 | D:1      | Pooter the Gnoll Wanderer began the quest for the Orb.
     0 | D:1      | Pooter set off with the following items: a +0 dagger, a
                  | scroll of fear, a +0 robe, a piece from Xom's chessboard
                  | (15/15); and the following spells available to memorise:
                  | Sandblast, Foxfire, Passwall, Ignite Poison, Animate
                  | Armour.
     0 | D:1      | Reached XP level 1. HP: 13/13 MP: 6/6
     2 | D:1      | Learned a level 1 spell: Sandblast
     4 | D:1      | Learned a level 1 spell: Foxfire
   184 | D:1      | Reached XP level 2. HP: 19/19 MP: 5/7
   469 | D:1      | Learned a level 2 spell: Passwall
   549 | D:1      | Learned a level 2 spell: Searing Ray
   549 | D:1      | Found a faded altar of an unknown god.
   895 | D:1      | Reached skill level 5 in Spellcasting
   895 | D:1      | Reached XP level 3. HP: 25/25 MP: 6/9
  1462 | D:2      | Reached skill level 1 in Fighting
  1462 | D:2      | Reached skill level 1 in Short Blades
  1462 | D:2      | Reached skill level 1 in Long Blades
  1462 | D:2      | Reached skill level 1 in Axes
  1462 | D:2      | Reached skill level 1 in Maces & Flails
  1462 | D:2      | Reached skill level 1 in Polearms
  1462 | D:2      | Reached skill level 1 in Staves
  1462 | D:2      | Reached skill level 1 in Ranged Weapons
  1462 | D:2      | Reached skill level 1 in Armour
  1462 | D:2      | Reached skill level 1 in Dodging
  1462 | D:2      | Reached skill level 1 in Stealth
  1462 | D:2      | Reached skill level 1 in Shields
  1462 | D:2      | Reached skill level 1 in Unarmed Combat
  1496 | D:2      | Learned a level 3 spell: Ignite Poison
  1538 | D:2      | Learned a level 2 spell: Poisonous Vapours
  1590 | D:2      | Reached XP level 4. HP: 32/32 MP: 1/11
  2006 | D:2      | Reached skill level 1 in Conjurations
  2006 | D:2      | Reached skill level 1 in Hexes
  2006 | D:2      | Reached skill level 1 in Summonings
  2006 | D:2      | Reached skill level 1 in Necromancy
  2006 | D:2      | Reached skill level 1 in Translocations
  2006 | D:2      | Reached skill level 1 in Transmutations
  2006 | D:2      | Reached skill level 1 in Ice Magic
  2006 | D:2      | Reached skill level 1 in Air Magic
  2006 | D:2      | Reached skill level 1 in Poison Magic
  2275 | D:3      | Found a sacrificial altar of Ru.
  2340 | D:3      | Noticed Ijyb
  2345 | D:3      | Killed Ijyb
  2346 | D:3      | Reached XP level 5. HP: 29/37 MP: 7/12
  2410 | D:3      | Found a blossoming altar of Fedhas.
  3323 | D:4      | Reached XP level 6. HP: 20/44 MP: 4/14
  3429 | D:4      | Found a radiant altar of Vehumet.
  3645 | D:4      | Became a worshipper of Vehumet
  3785 | D:4      | Slain by a necrophage

Illustrated notes

Levels and vault maps discovered:
D:1:      wander_arrival_chamber, layout_basic, basic_ecumenical_altar,
          minmay_tripent
D:2:      wad_pebble_path, layout_basic
D:3:      layout_rooms, lemuel_tele_altar, mainiacjoe_overflow_24_doors,
          st_stairs_4, uniq_ijyb
D:4:      layout_rooms, vehumet_statue

Skill      XL: |  1  2  3  4  5 |
---------------+----------------+-----
Fire Magic     | 2 |  2.6
Spellcasting   | 5 |  5.3
Fighting       | 1 |  1.9
Short Blades   | 1 |  1.9
Long Blades    | 1 |  1.9
Axes           | 1 |  1.9
Maces & Flails | 1 |  1.9
Polearms       | 1 |  1.9
Staves         | 1 |  1.9
Ranged Weapons | 1 |  1.9
Armour         | 1 |  1.9
Dodging        | 1 |  1.9
Stealth        | 1 |  1.9
Shields        | 1 |  1.9
Unarmed Combat | 1 |  1.9
Conjurations   | 1 |  1.5
Hexes          | 1 |  1.5
Summonings     | 1 |  1.5
Necromancy     | 1 |  1.5
Translocations | 1 |  1.5
Transmutations | 1 |  1.5
Ice Magic      | 1 |  1.5
Air Magic      | 1 |  1.5
Poison Magic   | 1 |  1.5
Invocations    | 3 |  3.3
Throwing       | 3 |  3.2
Earth Magic    | 4 |  4.1
Evocations     | |  6.8

Action                   |  1- 3 |  4- 6 || total
-------------------------+-------+-------++-------
Melee: Dagger            |     2 |       ||     2
       War axe           |     1 |    56 ||    57
       Bite              |       |     5 ||     5
       Punch             |       |     1 ||     1
 Fire: Sling             |       |    19 ||    19
Throw: Dart              |     3 |     8 ||    11
       Stone             |     1 |       ||     1
       Javelin           |       |     4 ||     4
 Cast: Sandblast         |    31 |    24 ||    55
       Foxfire           |    20 |    17 ||    37
       Searing Ray       |     3 |     7 ||    10
       Poisonous Vapours |     1 |     5 ||     6
       Ignite Poison     |     1 |     3 ||     4
Evoke: Piece from Xom's  |       |     1 ||     1
  Use: Scroll            |       |     7 ||     7
 Stab: Sleeping          |       |     1 ||     1
Armor: Robe              |     3 |    10 ||    13
Dodge: Dodged            |    10 |    40 ||    50

Table legend: (Time is in decaauts)
 A = Elapsed time spent in this place.
 B = Non-inter-level travel time spent in this place.
 C = Inter-level travel time spent in this place.
 D = Time resting spent in this place.
 E = Time spent auto-exploring this place.
 F = Levels seen in this place.
 G = Mean time per level.
                   A        B        C        D        E       F      G
               +--------+--------+--------+--------+--------+-----+--------+
         Total |   3838 |   3765 |     73 |   1038 |   2044 |   4 |  959.5 |
       Dungeon |   3838 |   3765 |     73 |   1038 |   2044 |   4 |  959.5 |
               +--------+--------+--------+--------+--------+-----+--------+

Top non-repeatable levels by time:
     D:1: 1274 daAuts
     D:2: 866 daAuts
     D:3: 852 daAuts
     D:4: 845 daAuts
